Flames vs Bruins (R1)

Created - 23 mai 2013 at 19:20

Goals
1 2 3 OT1 T
Flames 3 1 0 0 4
Bruins 2 1 1 1 5
Shots
1 2 3 OT1 T
Flames 11 13 11 7 42
Bruins 7 14 7 9 37

1st period

1. Bruins , Andrew Alberts 1 (Jeff Carter) at 0:54
2. Bruins , Matt Cooke 1 (Wayne Primeau, Victor Oreskovich) at 6:45
3. Flames , Pavel Bure 1 (Eric Staal) at 7:42
4. Flames , Pavel Bure 2 (Eric Staal, Alexander Semin) at 8:54 (PP)
5. Flames , David Backes 1 (Rob Blake) at 13:10 (PP)

Penalties :
Petr Schastlivy (Cal) for Holding Stick (Minor) at 4:14, Daniel Briere (Bos) for Slashing (Minor) at 8:44, Zdeno Chara (Bos) for Interference (Minor) at 9:03, Vitali Yachmenev (Bos) for Roughing (Double Minor) at 13:04

2nd period

6. Flames , Eric Staal 1 (Petr Schastlivy, Tomas Kaberle) at 10:09
7. Bruins , Daniel Briere 1 (Wojtek Wolski, Eric Lindros) at 17:27 (PP)

Penalties :
Steve Eminger (Cal) for Hooking (Minor) at 4:22, Eric Lindros (Bos) for Slashing (Minor) at 11:57, Steven Reinprecht (Cal) for Hooking (Minor) at 16:59

3rd period

8. Bruins , Eric Lindros 1 (Daniel Briere, Zdeno Chara) at 2:56

Penalties :
Pavel Bure (Cal) for Interference (Minor) at 2:59, Steve Eminger (Cal) for Interference (Minor) at 8:08, Daniel Briere (Bos) for Hooking (Minor) at 11:36, Joe Corvo (Bos) for Holding Stick (Minor) at 15:36

Overtime #1

9. Bruins , Eric Lindros 2 (Daniel Briere) at 17:30 (PP)

Penalties :
Ryan O'Byrne (Bos) for Interference (Minor) at 1:14, David Backes (Cal) for Hooking (Minor) at 1:14, Daniel Briere (Bos) for High sticking (Minor) at 4:15, Michal Handzus (Cal) for Hooking (Minor) at 7:34, Tomas Kaberle (Cal) for Holding Stick (Minor) at 13:15, Jordin Tootoo (Cal) for High sticking (Minor) at 17:26

Goalie Stats

Pekka Rinne (Cal), 32 saves from 37 shots - (0,865), OTL, 0-0-1, 77:30 minutes
Evgeni Nabokov (Bos), 13 saves from 17 shots - (0,765), 30:09 minutes
Scott Clemmensen (Bos), 25 saves from 25 shots - (1,000), W, 1-0-0, 47:21 minutes

Players Stats for Flames

Player Name              G  A  P  +/- PIM S  H  SB GA TA FO     MP     PP MP  PK MP  
------------------------------------------------------------------------------------
Alexander Semin          0  1  1  -1  0   1  2  0  1  0  1/3    22:01   6:52   3:24 
Brett Lebda              0  0  0  -3  0   0  0  0  1  0  0/0    22:36   5:00   2:42 
David Backes             1  0  1  -1  2   5  1  1  0  1  1/1    23:24   4:58   0:00 
Derek Meech              0  0  0   1  0   0  0  0  0  0  0/0    13:59   0:07   5:30 
Eric Staal               1  2  3   1  0   5  3  0  0  1  23/42  30:49   6:49   4:41 
Erik Johnson             0  0  0   0  0   1  0  0  0  0  0/0    17:31   4:53   0:03 
Jordin Tootoo            0  0  0  -1  2   1  2  1  0  1  1/1    17:17   0:23   4:28 
Josef Vasicek            0  0  0  -1  0   2  1  0  0  0  1/5    15:48   5:11   0:34 
Mark Bell                0  0  0   0  0   4  1  0  0  0  0/0    10:30   0:07   0:16 
Michal Handzus           0  0  0  -1  2   2  0  0  0  2  9/20   18:37   0:10   5:48 
Pavel Bure               2  0  2   1  2   9  3  0  2  0  1/4    25:38   6:49   0:00 
Petr Schastlivy          0  1  1   1  2   1  5  1  0  1  0/0    25:50   0:00   5:39 
Rob Blake                0  1  1  -3  0   1  1  3  0  0  0/0    28:25   7:10   5:32 
Ron Hainsey              0  0  0   0  0   1  1  0  0  0  0/0    17:48   0:00   6:55 
Steve Eminger            0  0  0   2  4   1  0  0  0  0  0/0    28:08   0:00   4:08 
Steve Sullivan           0  0  0  -1  0   4  1  0  1  1  0/2    17:42   5:11   0:00 
Steven Reinprecht        0  0  0   0  2   0  1  0  0  0  4/6     9:52   0:00   0:00 
Tomas Kaberle            0  1  1   1  2   4  1  0  0  1  0/0    27:02   7:10   0:00 

Players Stats for Bruins

Player Name              G  A  P  +/- PIM S  H  SB GA TA FO     MP     PP MP  PK MP  
------------------------------------------------------------------------------------
Andrew Alberts           1  0  1   1  0   4  1  4  0  3  0/0    38:34   7:00   6:53 
Christoph Schubert       0  0  0   1  0   0  0  0  1  0  0/0    14:05   0:00   2:17 
Daniel Briere            1  2  3   1  6   4  4  1  1  0  0/1    28:37   6:57   4:52 
Eric Lindros             2  1  3   1  2   6  0  1  2  1  28/48  29:58   6:49   5:55 
Jeff Carter              0  1  1   1  0   2  1  0  0  0  9/20   22:21   5:21   2:25 
Joe Corvo                0  0  0  -1  2   4  2  0  1  0  0/0    26:29   5:25   4:18 
Matt Cooke               1  0  1  -1  0   5  1  0  0  0  0/2    17:14   0:00   4:28 
Matt Hendricks           0  0  0   0  0   0  0  1  0  0  2/2     9:02   0:00   0:17 
Michael Ryder            0  0  0   0  0   3  0  0  2  0  0/1     9:46   0:22   0:00 
Richard Lintner          0  0  0   1  0   0  0  0  0  0  0/0    12:33   0:00   0:00 
Ryan O'Byrne             0  0  0  -1  2   0  3  1  0  0  0/0    26:43   5:25   5:33 
Scott Hartnell           0  0  0   1  0   1  2  0  0  0  0/0    21:57   5:21   1:59 
Scottie Upshall          0  0  0   0  0   1  2  0  0  0  0/0     9:25   0:07   0:00 
Victor Oreskovich        0  1  1  -1  0   2  4  0  0  1  0/0    11:15   0:00   0:00 
Vitali Yachmenev         0  0  0   1  4   1  1  0  0  0  0/1    19:25   5:21   0:00 
Wayne Primeau            0  1  1  -1  0   1  3  0  0  0  3/8    13:44   0:00   2:12 
Wojtek Wolski            0  1  1   1  0   2  3  1  0  0  1/1    24:49   6:57   2:12 
Zdeno Chara              0  1  1   1  2   1  1  2  1  0  0/0    37:16   7:00   5:19 

3 Stars

1 - Eric Staal (Cal)
2 - Eric Lindros (Bos)
3 - Pavel Bure (Cal)

Power Play

Flames - 2 on 8 Attempt(s) - 25,00%
Bruins - 2 on 8 Attempt(s) - 25,00%

Penalty Kill

Flames - 6 on 8 Attempt(s) - 75,00% - Score 0 goal in Penalty Kill
Bruins - 6 on 8 Attempt(s) - 75,00% - Score 0 goal in Penalty Kill

Official

Referees : VanMassenhoven Don and Fraser Kerry
Linesman : Pierre Champoux and Don Henderson

Game Notes

Scott Clemmensen enters game at 10:09 of 2nd period
17:27 of 2nd period - Bruins goal is going for a video replay. After video review, Goal.

Finance

Level 1 -- Attendance: 5233 (87,22%) -- Ticket Income 518 067 $
Level 2 -- Attendance: 3839 (76,78%) -- Ticket Income 226 501 $
Level 3 -- Attendance: 2000 (100,00%) -- Ticket Income 58 000 $
Level 4 -- Attendance: 4000 (100,00%) -- Ticket Income 76 000 $
Luxury Box -- Attendance: 870 (87,00%) -- Ticket Income 164 430 $
Game was played at the TD Banknorth Garden
Total Attendance: 15942 (88,57%)
Total Ticket Income: 1 042 998 $
Other Income: 52 150 $
Total Income: 1 095 148 $

Flames

5 vs 5 Forward 
   Center                   Left Wing                Right Wing               Time % Phy DF OF 
 1 Eric Staal               Petr Schastlivy          Pavel Bure               40     1   2  2  
 2 Michal Handzus           Alexander Semin          David Backes             30     1   2  2  
 3 Josef Vasicek            Steve Sullivan           Jordin Tootoo            20     1   2  2  
 4 Steven Reinprecht        Mark Bell                David Backes             10     1   2  2  

5 vs 5 Defense 
   Defense                  Defense                                           Time % Phy DF OF 
 1 Tomas Kaberle            Steve Eminger                                     40     1   2  2  
 2 Brett Lebda              Rob Blake                                         30     1   2  2  
 3 Ron Hainsey              Erik Johnson                                      20     1   2  2  
 4 Derek Meech              Steve Eminger                                     10     1   2  2  

PowerPlay Forward 
   Center                   Left Wing                Right Wing               Time % Phy DF OF 
 1 Eric Staal               Alexander Semin          Pavel Bure               60     1   1  3  
 2 Josef Vasicek            Steve Sullivan           David Backes             40     1   1  3  

PowerPlay Defense
   Defense                  Defense                                           Time % Phy DF OF 
 1 Tomas Kaberle            Rob Blake                                         60     1   2  2  
 2 Brett Lebda              Erik Johnson                                      40     1   2  2  

Penalty Kill 4 Players Forward 
   Center                   Wing                     Time % Phy DF OF 
 1 Michal Handzus           Petr Schastlivy          60     1   3  1  
 2 Eric Staal               Jordin Tootoo            40     1   3  1  

Penalty Kill 4 Players Defense
   Defense                  Defense                  Time % Phy DF OF 
 1 Ron Hainsey              Steve Eminger            60     1   3  1  
 2 Derek Meech              Rob Blake                40     1   3  1  

Penalty Kill - 3 Players Forward 
   Forward                                           Time % Phy DF OF 
 1 Michal Handzus                                    60     1   3  1  
 2 Eric Staal                                        40     1   3  1  

Penalty Kill - 3 Players Defense
   Defense                  Defense                  Time % Phy DF OF 
 1 Ron Hainsey              Steve Eminger            60     1   3  1  
 2 Derek Meech              Rob Blake                40     1   3  1  

4 vs 4 Forward 
   Center                   Wing                     Time % Phy DF OF 
 1 Eric Staal               Pavel Bure               60     1   2  2  
 2 Michal Handzus           Alexander Semin          40     1   2  2  

4 vs 4 Defense
   Defense                  Defense                  Time % Phy DF OF 
 1 Tomas Kaberle            Steve Eminger            60     1   2  2  
 2 Brett Lebda              Rob Blake                40     1   2  2  

Last Minutes Offensive
   Center                   Left Wing                Right Wing               Defense                  Defense                  
   Eric Staal               Alexander Semin          Pavel Bure               Tomas Kaberle            Steve Eminger            

Last Minutes Defensive
   Center                   Left Wing                Right Wing               Defense                  Defense                  
   Eric Staal               Petr Schastlivy          Pavel Bure               Tomas Kaberle            Steve Eminger            

Goaltenders
Starting : Pekka Rinne              
Backup : Craig Anderson           

Extra Forwards
Normal : David Backes, Petr Schastlivy, Steve Sullivan - PP : David Backes, Steve Sullivan - PK : Jordin Tootoo
Extra Defensemen
Normal : Rob Blake, Brett Lebda, Ron Hainsey - PP : Erik Johnson - PK : Rob Blake, Ron Hainsey
Penalty Shots
Eric Staal, Pavel Bure, Alexander Semin, Steve Sullivan, David Backes

Bruins

5 vs 5 Forward 
   Center                   Left Wing                Right Wing               Time % Phy DF OF 
 1 Eric Lindros             Wojtek Wolski            Daniel Briere            40     1   2  2  
 2 Jeff Carter              Scott Hartnell           Vitali Yachmenev         30     1   2  2  
 3 Wayne Primeau            Matt Cooke               Victor Oreskovich        20     1   2  2  
 4 Matt Hendricks           Scottie Upshall          Michael Ryder            10     1   2  2  

5 vs 5 Defense 
   Defense                  Defense                                           Time % Phy DF OF 
 1 Zdeno Chara              Andrew Alberts                                    40     1   2  2  
 2 Ryan O'Byrne             Joe Corvo                                         30     1   2  2  
 3 Richard Lintner          Christoph Schubert                                20     1   2  2  
 4 Zdeno Chara              Andrew Alberts                                    10     1   2  2  

PowerPlay Forward 
   Center                   Left Wing                Right Wing               Time % Phy DF OF 
 1 Eric Lindros             Wojtek Wolski            Daniel Briere            60     1   2  2  
 2 Jeff Carter              Scott Hartnell           Vitali Yachmenev         40     1   2  2  

PowerPlay Defense
   Defense                  Defense                                           Time % Phy DF OF 
 1 Zdeno Chara              Andrew Alberts                                    60     1   2  2  
 2 Ryan O'Byrne             Joe Corvo                                         40     1   2  2  

Penalty Kill 4 Players Forward 
   Center                   Wing                     Time % Phy DF OF 
 1 Eric Lindros             Daniel Briere            60     1   2  2  
 2 Wojtek Wolski            Wayne Primeau            40     1   2  2  

Penalty Kill 4 Players Defense
   Defense                  Defense                  Time % Phy DF OF 
 1 Zdeno Chara              Andrew Alberts           60     1   2  2  
 2 Ryan O'Byrne             Joe Corvo                40     1   2  2  

Penalty Kill - 3 Players Forward 
   Forward                                           Time % Phy DF OF 
 1 Eric Lindros                                      60     1   2  2  
 2 Wayne Primeau                                     40     1   2  2  

Penalty Kill - 3 Players Defense
   Defense                  Defense                  Time % Phy DF OF 
 1 Zdeno Chara              Andrew Alberts           60     1   2  2  
 2 Ryan O'Byrne             Joe Corvo                40     1   2  2  

4 vs 4 Forward 
   Center                   Wing                     Time % Phy DF OF 
 1 Eric Lindros             Daniel Briere            60     1   2  2  
 2 Wojtek Wolski            Jeff Carter              40     1   2  2  

4 vs 4 Defense
   Defense                  Defense                  Time % Phy DF OF 
 1 Zdeno Chara              Andrew Alberts           60     1   2  2  
 2 Ryan O'Byrne             Joe Corvo                40     1   2  2  

Last Minutes Offensive
   Center                   Left Wing                Right Wing               Defense                  Defense                  
   Eric Lindros             Wojtek Wolski            Daniel Briere            Zdeno Chara              Andrew Alberts           

Last Minutes Defensive
   Center                   Left Wing                Right Wing               Defense                  Defense                  
   Eric Lindros             Wojtek Wolski            Daniel Briere            Zdeno Chara              Andrew Alberts           

Goaltenders
Starting : Evgeni Nabokov           
Backup : Scott Clemmensen         

Extra Forwards
Normal : Michael Ryder, Scottie Upshall, Matt Cooke - PP : Michael Ryder, Scottie Upshall - PK : Matt Cooke
Extra Defensemen
Normal : Richard Lintner, Christoph Schubert, Ryan O'Byrne - PP : Richard Lintner - PK : Christoph Schubert, Ryan O'Byrne
Penalty Shots
Eric Lindros, Jeff Carter, Wojtek Wolski, Daniel Briere, Zdeno Chara

% Time on Ice - Flames

Lines # - Real PCT - Wanted PCT - Time Play
Normal Forward
1 - 37% - 40% - 18:36
2 - 25% - 30% - 12:44
3 - 19% - 20% - 9:43
4 - 19% - 10% - 9:53
Normal Defense
1 - 38% - 40% - 19:13
2 - 32% - 30% - 16:29
3 - 20% - 20% - 10:06
4 - 10% - 10% - 5:08
PP Forward
1 - 57% - 60% - 6:59
2 - 43% - 40% - 5:11
PP Defense
1 - 59% - 60% - 7:10
2 - 41% - 40% - 5:00
PK Forward
1 - 81% - 60% - 10:06
2 - 19% - 40% - 2:19
PK Defense
1 - 71% - 60% - 8:47
2 - 29% - 40% - 3:38
PK3 Forward
1 - 0% - 60%
2 - 0% - 40%
PK3 Defense
1 - 0% - 60%
2 - 0% - 40%
44 Forward
1 - 83% - 60% - 1:39
2 - 17% - 40% - 0:20
44 Defense
1 - 61% - 60% - 1:13
2 - 39% - 40% - 0:46
Last Minute Offensive  - 0:00
Last Minute Defensive  - 0:00
Total
Forward - 77:30
Defense - 77:30

% Time on Ice - Bruins

Lines # - Real PCT - Wanted PCT - Time Play
Normal Forward
1 - 32% - 40% - 16:17
2 - 29% - 30% - 14:39
3 - 22% - 20% - 11:15
4 - 17% - 10% - 8:45
Normal Defense
1 - 43% - 40% - 21:43
2 - 31% - 30% - 15:41
3 - 23% - 20% - 11:52
4 - 3% - 10% - 1:40
PP Forward
1 - 57% - 60% - 7:04
2 - 43% - 40% - 5:21
PP Defense
1 - 56% - 60% - 7:00
2 - 44% - 40% - 5:25
PK Forward
1 - 82% - 60% - 9:58
2 - 18% - 40% - 2:12
PK Defense
1 - 54% - 60% - 6:37
2 - 46% - 40% - 5:33
PK3 Forward
1 - 0% - 60%
2 - 0% - 40%
PK3 Defense
1 - 0% - 60%
2 - 0% - 40%
44 Forward
1 - 78% - 60% - 1:33
2 - 22% - 40% - 0:26
44 Defense
1 - 66% - 60% - 1:18
2 - 34% - 40% - 0:41
Last Minute Offensive  - 0:00
Last Minute Defensive  - 0:00
Total
Forward - 77:30
Defense - 77:30

Play by Play

1st period


0:01 of 1st period - Eric Staal wins face-off versus Eric Lindros in neutral zone.
0:37 of 1st period - Snap shot by Steve Sullivan.
0:37 of 1st period - Stopped by Evgeni Nabokov with a rebound.
0:54 of 1st period - Snap shot by Andrew Alberts.
0:54 of 1st period - Deflect By Brett Lebda.
0:54 of 1st period - Goal by Andrew Alberts - Flames : 0 - Bruins : 1.
0:55 of 1st period - Wayne Primeau wins face-off versus Steven Reinprecht in neutral zone.
0:57 of 1st period - Off-side.
0:58 of 1st period - Wayne Primeau wins face-off versus Steven Reinprecht in neutral zone.
1:17 of 1st period - Ron Hainsey is hit by Matt Cooke and loses puck.
1:46 of 1st period - Snap shot by Mark Bell.
1:46 of 1st period - Stopped by Evgeni Nabokov with a rebound.
1:48 of 1st period - Slapshot by David Backes.
1:48 of 1st period - Shot Misses the Net.
1:50 of 1st period - Snap shot by Erik Johnson.
1:50 of 1st period - Shot Misses the Net.
1:52 of 1st period - Slapshot by David Backes.
1:52 of 1st period - Stopped by Evgeni Nabokov with a rebound.
1:54 of 1st period - Wrist shot by Mark Bell.
1:54 of 1st period - Deflect By Steven Reinprecht.
1:54 of 1st period - Shot Misses the Net.
1:54 of 1st period - Puck is out of play.
1:55 of 1st period - Eric Staal wins face-off versus Jeff Carter in Bruins zone.
3:20 of 1st period - Slapshot by Michael Ryder.
3:20 of 1st period - Stopped by Pekka Rinne with a rebound.
3:22 of 1st period - Slapshot by Ryan O'Byrne.
3:22 of 1st period - Shot Misses the Net.
3:42 of 1st period - Joe Corvo is hit by Petr Schastlivy and loses puck.
4:14 of 1st period - Minor Penalty to Petr Schastlivy for Holding Stick.
4:15 of 1st period - Wojtek Wolski wins face-off versus Michal Handzus in Flames zone.
4:20 of 1st period - Wrist shot by Daniel Briere.
4:20 of 1st period - Stopped by Pekka Rinne with a rebound.
5:22 of 1st period - Ryan O'Byrne is hit by Eric Staal and loses puck.
5:40 of 1st period - Icing by Scott Hartnell.
5:41 of 1st period - Eric Staal wins face-off versus Jeff Carter in Bruins zone.
6:00 of 1st period - Daniel Briere is hit by Rob Blake and loses puck.
6:14 of 1st period - Penalty to Petr Schastlivy is over, Petr Schastlivy is back on ice.
6:33 of 1st period - Snap shot by Mark Bell.
6:33 of 1st period - Deflect By David Backes.
6:33 of 1st period - Stopped by Evgeni Nabokov with a rebound.
6:35 of 1st period - Slapshot by Tomas Kaberle.
6:35 of 1st period - Deflect By David Backes.
6:35 of 1st period - Stopped by Evgeni Nabokov without a rebound.
6:36 of 1st period - Eric Staal wins face-off versus Wayne Primeau in Bruins zone.
6:45 of 1st period - Slapshot by Matt Cooke.
6:45 of 1st period - Goal by Matt Cooke - Flames : 0 - Bruins : 2.
6:46 of 1st period - Jeff Carter wins face-off versus Eric Staal in neutral zone.
6:51 of 1st period - Scott Hartnell is hit by Petr Schastlivy and loses puck.
7:18 of 1st period - Wrist shot by Daniel Briere.
7:18 of 1st period - Shot Misses the Net.
7:40 of 1st period - Slapshot by Jordin Tootoo.
7:40 of 1st period - Stopped by Evgeni Nabokov without a rebound.
7:41 of 1st period - Eric Staal wins face-off versus Wayne Primeau in Bruins zone.
7:42 of 1st period - Wrist shot by Pavel Bure.
7:42 of 1st period - Goal by Pavel Bure - Flames : 1 - Bruins : 2.
7:43 of 1st period - Eric Staal wins face-off versus Eric Lindros in neutral zone.
8:31 of 1st period - Icing by Derek Meech.
8:32 of 1st period - Matt Hendricks wins face-off versus Michal Handzus in Flames zone.
8:44 of 1st period - Minor Penalty to Daniel Briere for Slashing.
8:45 of 1st period - Eric Staal wins face-off versus Eric Lindros in Bruins zone.
8:50 of 1st period - Snap shot by Alexander Semin.
8:50 of 1st period - Shot Misses the Net.
8:52 of 1st period - Wrist shot by Eric Staal.
8:52 of 1st period - Shot Blocked by Andrew Alberts.
8:54 of 1st period - Snap shot by Pavel Bure.
8:54 of 1st period - Goal by Pavel Bure - Flames : 2 - Bruins : 2.
8:55 of 1st period - Eric Staal wins face-off versus Jeff Carter in neutral zone.
9:03 of 1st period - Minor Penalty to Zdeno Chara for Interference.
9:04 of 1st period - Eric Lindros wins face-off versus Eric Staal in Bruins zone.
9:24 of 1st period - Icing by Pavel Bure.
9:25 of 1st period - Eric Lindros wins face-off versus Alexander Semin in Flames zone.
9:46 of 1st period - Slapshot by Eric Staal.
9:46 of 1st period - Stopped by Evgeni Nabokov without a rebound.
9:47 of 1st period - Josef Vasicek wins face-off versus Eric Lindros in Bruins zone.
10:42 of 1st period - Joe Corvo is hit by Pavel Bure and loses puck.
11:03 of 1st period - Penalty to Zdeno Chara is over, Zdeno Chara is back on ice.
11:29 of 1st period - Wrist shot by Scottie Upshall.
11:29 of 1st period - Stopped by Pekka Rinne with a rebound.
11:42 of 1st period - Richard Lintner is hit by Petr Schastlivy and loses puck.
11:55 of 1st period - Steve Eminger is hit by Vitali Yachmenev and loses puck.
12:36 of 1st period - Petr Schastlivy is hit by Wayne Primeau and loses puck.
12:45 of 1st period - Snap shot by Matt Cooke.
12:45 of 1st period - Stopped by Pekka Rinne with a rebound.
13:01 of 1st period - Erik Johnson is hit by Jeff Carter.
13:04 of 1st period - Double Minor Penalty to Vitali Yachmenev for Roughing.
13:05 of 1st period - Eric Lindros wins face-off versus Steve Sullivan in Bruins zone.
13:10 of 1st period - Snap shot by David Backes.
13:10 of 1st period - Goal by David Backes - Flames : 3 - Bruins : 2.
13:11 of 1st period - Eric Lindros wins face-off versus Eric Staal in neutral zone.
13:36 of 1st period - Slapshot by David Backes.
13:36 of 1st period - Stopped by Evgeni Nabokov without a rebound.
13:37 of 1st period - Eric Lindros wins face-off versus Josef Vasicek in Bruins zone.
13:54 of 1st period - Snap shot by Eric Staal.
13:54 of 1st period - Shot Misses the Net.
14:04 of 1st period - Eric Lindros is hit by Alexander Semin and loses puck.
15:10 of 1st period - Penalty to Vitali Yachmenev is over, Vitali Yachmenev is back on ice.
15:43 of 1st period - Icing by Jeff Carter.
15:44 of 1st period - Wayne Primeau wins face-off versus Eric Staal in Bruins zone.
16:10 of 1st period - Steve Sullivan is hit by Daniel Briere.
16:50 of 1st period - Snap shot by Michael Ryder.
16:50 of 1st period - Shot Misses the Net.
16:52 of 1st period - Slapshot by Joe Corvo.
16:52 of 1st period - Stopped by Pekka Rinne with a rebound.
17:00 of 1st period - Wrist shot by Scottie Upshall.
17:00 of 1st period - Shot Misses the Net.
17:33 of 1st period - Wrist shot by Daniel Briere.
17:33 of 1st period - Deflect By Wojtek Wolski.
17:33 of 1st period - Shot Blocked by Rob Blake.
17:33 of 1st period - Puck is out of play.
17:34 of 1st period - Steven Reinprecht wins face-off versus Eric Lindros in Flames zone.
18:33 of 1st period - Slapshot by Andrew Alberts.
18:33 of 1st period - Shot Blocked by Rob Blake.
18:45 of 1st period - Alexander Semin is hit by Andrew Alberts.
19:35 of 1st period - Off-side.
19:36 of 1st period - Eric Lindros wins face-off versus Eric Staal in neutral zone.

2nd period


0:01 of 2nd period - Eric Lindros wins face-off versus Eric Staal in neutral zone.
0:04 of 2nd period - Petr Schastlivy is hit by Daniel Briere and loses puck.
0:11 of 2nd period - Snap shot by Daniel Briere.
0:11 of 2nd period - Shot Misses the Net.
0:13 of 2nd period - Wrist shot by Andrew Alberts.
0:13 of 2nd period - Stopped by Pekka Rinne without a rebound.
0:14 of 2nd period - Eric Staal wins face-off versus Eric Lindros in Flames zone.
0:23 of 2nd period - Snap shot by Daniel Briere.
0:23 of 2nd period - Stopped by Pekka Rinne without a rebound.
0:24 of 2nd period - Eric Lindros wins face-off versus Pavel Bure in Flames zone.
0:31 of 2nd period - Slapshot by Wojtek Wolski.
0:31 of 2nd period - Stopped by Pekka Rinne with a rebound.
0:33 of 2nd period - Snap shot by Eric Lindros.
0:33 of 2nd period - Stopped by Pekka Rinne with a rebound.
0:35 of 2nd period - Slapshot by Andrew Alberts.
0:35 of 2nd period - Stopped by Pekka Rinne without a rebound.
0:36 of 2nd period - Eric Lindros wins face-off versus Eric Staal in Flames zone.
0:43 of 2nd period - Slapshot by Tomas Kaberle.
0:43 of 2nd period - Shot Blocked by Eric Lindros.
0:45 of 2nd period - Snap shot by Petr Schastlivy.
0:45 of 2nd period - Deflect By Eric Staal.
0:45 of 2nd period - Shot Misses the Net.
0:45 of 2nd period - Puck is out of play.
0:46 of 2nd period - Eric Staal wins face-off versus Eric Lindros in Bruins zone.
0:47 of 2nd period - Snap shot by Pavel Bure.
0:47 of 2nd period - Shot Misses the Net.
1:09 of 2nd period - Eric Staal is hit by Wojtek Wolski and loses puck.
1:20 of 2nd period - Eric Staal is hit by Zdeno Chara.
1:44 of 2nd period - Wrist shot by Eric Lindros.
1:44 of 2nd period - Shot Misses the Net.
1:47 of 2nd period - Icing by Steve Eminger.
1:48 of 2nd period - Eric Staal wins face-off versus Jeff Carter in Flames zone.
1:55 of 2nd period - Snap shot by Eric Staal.
1:55 of 2nd period - Stopped by Evgeni Nabokov without a rebound.
1:56 of 2nd period - Jeff Carter wins face-off versus Michal Handzus in Bruins zone.
2:43 of 2nd period - Snap shot by Mark Bell.
2:43 of 2nd period - Stopped by Evgeni Nabokov with a rebound.
2:57 of 2nd period - Slapshot by Joe Corvo.
2:57 of 2nd period - Stopped by Pekka Rinne with a rebound.
2:59 of 2nd period - Snap shot by Joe Corvo.
2:59 of 2nd period - Stopped by Pekka Rinne without a rebound.
3:00 of 2nd period - Matt Hendricks wins face-off versus Michal Handzus in Flames zone.
3:19 of 2nd period - Matt Hendricks is hit by Jordin Tootoo and loses puck.
3:52 of 2nd period - Slapshot by Jeff Carter.
3:52 of 2nd period - Stopped by Pekka Rinne with a rebound.
4:17 of 2nd period - Off-side.
4:18 of 2nd period - Eric Lindros wins face-off versus Josef Vasicek in neutral zone.
4:22 of 2nd period - Minor Penalty to Steve Eminger for Hooking.
4:23 of 2nd period - Michal Handzus wins face-off versus Eric Lindros in Flames zone.
4:34 of 2nd period - Michal Handzus is hit by Joe Corvo and loses puck.
5:47 of 2nd period - Scott Hartnell is hit by Eric Staal and loses puck.
6:22 of 2nd period - Penalty to Steve Eminger is over, Steve Eminger is back on ice.
7:09 of 2nd period - Eric Staal is hit by Victor Oreskovich and loses puck.
7:32 of 2nd period - Vitali Yachmenev is hit by Alexander Semin and loses puck.
7:57 of 2nd period - Tomas Kaberle is hit by Daniel Briere and loses puck.
8:26 of 2nd period - Tomas Kaberle is hit by Wayne Primeau and loses puck.
8:41 of 2nd period - Wrist shot by Steve Sullivan.
8:41 of 2nd period - Deflect By Christoph Schubert.
8:41 of 2nd period - Stopped by Evgeni Nabokov without a rebound.
8:42 of 2nd period - Jeff Carter wins face-off versus Alexander Semin in Bruins zone.
9:05 of 2nd period - Snap shot by Wayne Primeau.
9:05 of 2nd period - Stopped by Pekka Rinne without a rebound.
9:06 of 2nd period - Pavel Bure wins face-off versus Wayne Primeau in Flames zone.
9:06 of 2nd period - Pavel Bure is hit by Victor Oreskovich.
9:14 of 2nd period - Slapshot by Pavel Bure.
9:14 of 2nd period - Stopped by Evgeni Nabokov without a rebound.
9:15 of 2nd period - Eric Lindros wins face-off versus Eric Staal in Bruins zone.
9:15 of 2nd period - Eric Lindros is hit by Pavel Bure.
9:57 of 2nd period - Wrist shot by Pavel Bure.
9:57 of 2nd period - Shot Misses the Net.
10:03 of 2nd period - Wrist shot by Pavel Bure.
10:03 of 2nd period - Stopped by Evgeni Nabokov with a rebound.
10:05 of 2nd period - Snap shot by Pavel Bure.
10:05 of 2nd period - Shot Misses the Net.
10:07 of 2nd period - Slapshot by Tomas Kaberle.
10:07 of 2nd period - Shot Blocked by Andrew Alberts.
10:09 of 2nd period - Wrist shot by Petr Schastlivy.
10:09 of 2nd period - Deflect By Eric Staal.
10:09 of 2nd period - Goal by Eric Staal - Flames : 4 - Bruins : 2.
10:09 of 2nd period - Scott Clemmensen enters game.
10:10 of 2nd period - Michal Handzus wins face-off versus Eric Lindros in neutral zone.
10:43 of 2nd period - Snap shot by Jordin Tootoo.
10:43 of 2nd period - Deflect By Steve Sullivan.
10:43 of 2nd period - Stopped by Scott Clemmensen with a rebound.
11:21 of 2nd period - Slapshot by Victor Oreskovich.
11:21 of 2nd period - Deflect By Wayne Primeau.
11:21 of 2nd period - Shot Misses the Net.
11:21 of 2nd period - Puck is out of play.
11:22 of 2nd period - Jeff Carter wins face-off versus Josef Vasicek in Flames zone.
11:48 of 2nd period - Victor Oreskovich is hit by Pavel Bure and loses puck.
11:55 of 2nd period - Wrist shot by Eric Staal.
11:55 of 2nd period - Stopped by Scott Clemmensen without a rebound.
11:56 of 2nd period - Eric Lindros wins face-off versus Eric Staal in Bruins zone.
11:56 of 2nd period - Eric Lindros is hit by Tomas Kaberle.
11:57 of 2nd period - Minor Penalty to Eric Lindros for Slashing.
11:58 of 2nd period - Eric Staal wins face-off versus Matt Cooke in Bruins zone.
12:07 of 2nd period - Wrist shot by Eric Staal.
12:07 of 2nd period - Shot Misses the Net.
12:09 of 2nd period - Wrist shot by Pavel Bure.
12:09 of 2nd period - Stopped by Scott Clemmensen without a rebound.
12:10 of 2nd period - Eric Staal wins face-off versus Matt Cooke in Bruins zone.
12:20 of 2nd period - Snap shot by Rob Blake.
12:20 of 2nd period - Stopped by Scott Clemmensen with a rebound.
13:09 of 2nd period - Icing by Pavel Bure.
13:10 of 2nd period - Eric Staal wins face-off versus Jeff Carter in Flames zone.
13:57 of 2nd period - Penalty to Eric Lindros is over, Eric Lindros is back on ice.
14:37 of 2nd period - Andrew Alberts is hit by Mark Bell and loses puck.
16:59 of 2nd period - Minor Penalty to Steven Reinprecht for Hooking.
17:00 of 2nd period - Eric Lindros wins face-off versus Michal Handzus in Flames zone.
17:11 of 2nd period - Wrist shot by Ron Hainsey.
17:11 of 2nd period - Stopped by Scott Clemmensen without a rebound.
17:12 of 2nd period - Eric Lindros wins face-off versus Michal Handzus in Bruins zone.
17:17 of 2nd period - Wrist shot by Wojtek Wolski.
17:17 of 2nd period - Shot Misses the Net.
17:19 of 2nd period - Slapshot by Zdeno Chara.
17:19 of 2nd period - Stopped by Pekka Rinne with a rebound.
17:21 of 2nd period - Snap shot by Andrew Alberts.
17:21 of 2nd period - Stopped by Pekka Rinne without a rebound.
17:22 of 2nd period - Eric Lindros wins face-off versus Michal Handzus in Flames zone.
17:25 of 2nd period - Wrist shot by Daniel Briere.
17:25 of 2nd period - Shot Misses the Net.
17:27 of 2nd period - Snap shot by Wojtek Wolski.
17:27 of 2nd period - Deflect By Daniel Briere.
17:27 of 2nd period - Bruins goal is going for a video replay.
17:27 of 2nd period - The goal is good.
17:27 of 2nd period - Goal by Daniel Briere - Flames : 4 - Bruins : 3.
17:28 of 2nd period - Eric Staal wins face-off versus Eric Lindros in neutral zone.
17:39 of 2nd period - Pavel Bure is hit by Wojtek Wolski and loses puck.
17:44 of 2nd period - Wrist shot by Wojtek Wolski.
17:44 of 2nd period - Stopped by Pekka Rinne without a rebound.
17:45 of 2nd period - David Backes wins face-off versus Jeff Carter in Flames zone.
18:10 of 2nd period - Zdeno Chara is hit by Steve Sullivan and loses puck.
18:19 of 2nd period - Wrist shot by Steve Sullivan.
18:19 of 2nd period - Shot Blocked by Wojtek Wolski.
19:01 of 2nd period - Wrist shot by Mark Bell.
19:01 of 2nd period - Shot Blocked by Andrew Alberts.
19:03 of 2nd period - Slapshot by Erik Johnson.
19:03 of 2nd period - Stopped by Scott Clemmensen without a rebound.
19:04 of 2nd period - Eric Lindros wins face-off versus Eric Staal in Bruins zone.
19:37 of 2nd period - Wrist shot by Jeff Carter.
19:37 of 2nd period - Stopped by Pekka Rinne without a rebound.
19:38 of 2nd period - Eric Staal wins face-off versus Jeff Carter in Flames zone.
19:53 of 2nd period - Wrist shot by Pavel Bure.
19:53 of 2nd period - Stopped by Scott Clemmensen without a rebound.
19:54 of 2nd period - Alexander Semin wins face-off versus Eric Lindros in Bruins zone.

3rd period


0:01 of 3rd period - Eric Staal wins face-off versus Eric Lindros in neutral zone.
0:08 of 3rd period - Snap shot by Pavel Bure.
0:08 of 3rd period - Shot Misses the Net.
0:10 of 3rd period - Wrist shot by Eric Staal.
0:10 of 3rd period - Shot Misses the Net.
0:12 of 3rd period - Wrist shot by Petr Schastlivy.
0:12 of 3rd period - Stopped by Scott Clemmensen with a rebound.
0:14 of 3rd period - Slapshot by Rob Blake.
0:14 of 3rd period - Shot Blocked by Zdeno Chara.
0:16 of 3rd period - Snap shot by Pavel Bure.
0:16 of 3rd period - Stopped by Scott Clemmensen with a rebound.
0:56 of 3rd period - Wrist shot by Victor Oreskovich.
0:56 of 3rd period - Shot Misses the Net.
1:10 of 3rd period - Wrist shot by Eric Staal.
1:10 of 3rd period - Deflect By Pavel Bure.
1:10 of 3rd period - Stopped by Scott Clemmensen without a rebound.
1:11 of 3rd period - Eric Lindros wins face-off versus Eric Staal in Bruins zone.
1:20 of 3rd period - Slapshot by Eric Staal.
1:20 of 3rd period - Stopped by Scott Clemmensen with a rebound.
2:07 of 3rd period - Slapshot by Matt Cooke.
2:07 of 3rd period - Shot Blocked by Jordin Tootoo.
2:09 of 3rd period - Wrist shot by Victor Oreskovich.
2:09 of 3rd period - Stopped by Pekka Rinne without a rebound.
2:10 of 3rd period - Eric Staal wins face-off versus Eric Lindros in Flames zone.
2:44 of 3rd period - Wrist shot by Josef Vasicek.
2:44 of 3rd period - Shot Blocked by Andrew Alberts.
2:56 of 3rd period - Slapshot by Eric Lindros.
2:56 of 3rd period - Goal by Eric Lindros - Flames : 4 - Bruins : 4.
2:57 of 3rd period - Jeff Carter wins face-off versus Eric Staal in neutral zone.
2:59 of 3rd period - Minor Penalty to Pavel Bure for Interference.
3:00 of 3rd period - Michal Handzus wins face-off versus Eric Lindros in Flames zone.
3:43 of 3rd period - Jordin Tootoo is hit by Scott Hartnell.
4:05 of 3rd period - Steve Eminger is hit by Ryan O'Byrne and loses puck.
4:58 of 3rd period - Rob Blake is hit by Scottie Upshall and loses puck.
4:59 of 3rd period - Penalty to Pavel Bure is over, Pavel Bure is back on ice.
5:08 of 3rd period - Snap shot by Pavel Bure.
5:08 of 3rd period - Shot Misses the Net.
5:14 of 3rd period - Michal Handzus is hit by Victor Oreskovich and loses puck.
5:53 of 3rd period - Icing by David Backes.
5:54 of 3rd period - Steven Reinprecht wins face-off versus Wayne Primeau in Flames zone.
6:48 of 3rd period - Snap shot by Mark Bell.
6:48 of 3rd period - Stopped by Scott Clemmensen without a rebound.
6:49 of 3rd period - Jeff Carter wins face-off versus Eric Staal in Bruins zone.
7:19 of 3rd period - Backhand shot by Josef Vasicek.
7:19 of 3rd period - Stopped by Scott Clemmensen with a rebound.
7:22 of 3rd period - Icing by Ryan O'Byrne.
7:23 of 3rd period - Eric Lindros wins face-off versus Eric Staal in Bruins zone.
8:08 of 3rd period - Minor Penalty to Steve Eminger for Interference.
8:09 of 3rd period - Eric Lindros wins face-off versus Michal Handzus in Flames zone.
8:12 of 3rd period - Slapshot by Eric Lindros.
8:12 of 3rd period - Deflect By Daniel Briere.
8:12 of 3rd period - Stopped by Pekka Rinne without a rebound.
8:13 of 3rd period - Michal Handzus wins face-off versus Eric Lindros in Flames zone.
8:13 of 3rd period - Michal Handzus is hit by Daniel Briere.
8:39 of 3rd period - Wrist shot by Vitali Yachmenev.
8:39 of 3rd period - Shot Blocked by Petr Schastlivy.
10:08 of 3rd period - Penalty to Steve Eminger is over, Steve Eminger is back on ice.
10:16 of 3rd period - Wrist shot by Michael Ryder.
10:16 of 3rd period - Stopped by Pekka Rinne without a rebound.
10:17 of 3rd period - Steven Reinprecht wins face-off versus Michael Ryder in Flames zone.
10:17 of 3rd period - Steven Reinprecht is hit by Scottie Upshall.
10:27 of 3rd period - Slapshot by Tomas Kaberle.
10:27 of 3rd period - Stopped by Scott Clemmensen with a rebound.
10:29 of 3rd period - Slapshot by Tomas Kaberle.
10:29 of 3rd period - Stopped by Scott Clemmensen with a rebound.
10:31 of 3rd period - Wrist shot by Mark Bell.
10:31 of 3rd period - Stopped by Scott Clemmensen with a rebound.
10:33 of 3rd period - Slapshot by Tomas Kaberle.
10:33 of 3rd period - Shot Misses the Net.
11:04 of 3rd period - Ryan O'Byrne is hit by Jordin Tootoo and loses puck.
11:27 of 3rd period - Snap shot by Mark Bell.
11:27 of 3rd period - Shot Misses the Net.
11:36 of 3rd period - Minor Penalty to Daniel Briere for Hooking.
11:37 of 3rd period - Eric Staal wins face-off versus Eric Lindros in Bruins zone.
11:38 of 3rd period - Snap shot by Alexander Semin.
11:38 of 3rd period - Stopped by Scott Clemmensen without a rebound.
11:39 of 3rd period - Eric Lindros wins face-off versus Eric Staal in Bruins zone.
12:14 of 3rd period - Steve Sullivan is hit by Joe Corvo and loses puck.
12:25 of 3rd period - Snap shot by Josef Vasicek.
12:25 of 3rd period - Stopped by Scott Clemmensen without a rebound.
12:26 of 3rd period - Jeff Carter wins face-off versus Josef Vasicek in Bruins zone.
13:36 of 3rd period - Penalty to Daniel Briere is over, Daniel Briere is back on ice.
15:13 of 3rd period - Wrist shot by Vitali Yachmenev.
15:13 of 3rd period - Stopped by Pekka Rinne with a rebound.
15:36 of 3rd period - Minor Penalty to Joe Corvo for Holding Stick.
15:37 of 3rd period - Eric Lindros wins face-off versus Eric Staal in Bruins zone.
15:37 of 3rd period - Eric Lindros is hit by Eric Staal.
15:51 of 3rd period - Slapshot by Alexander Semin.
15:51 of 3rd period - Shot Blocked by Zdeno Chara.
16:01 of 3rd period - Rob Blake is hit by Wojtek Wolski and loses puck.
16:47 of 3rd period - Pavel Bure is hit by Ryan O'Byrne and loses puck.
16:58 of 3rd period - Erik Johnson is hit by Wayne Primeau.
17:36 of 3rd period - Penalty to Joe Corvo is over, Joe Corvo is back on ice.
18:10 of 3rd period - Wrist shot by Michael Ryder.
18:10 of 3rd period - Stopped by Pekka Rinne without a rebound.
18:11 of 3rd period - Eric Lindros wins face-off versus Michal Handzus in Flames zone.
18:14 of 3rd period - Snap shot by Eric Lindros.
18:14 of 3rd period - Shot Misses the Net.
19:10 of 3rd period - Wrist shot by Victor Oreskovich.
19:10 of 3rd period - Stopped by Pekka Rinne without a rebound.
19:11 of 3rd period - Jeff Carter wins face-off versus Pavel Bure in Flames zone.
19:12 of 3rd period - Snap shot by Vitali Yachmenev.
19:12 of 3rd period - Shot Misses the Net.

Overtime #1


0:01 of 1st overtime period - Eric Lindros wins face-off versus Pavel Bure in neutral zone.
0:32 of 1st overtime period - Snap shot by Michal Handzus.
0:32 of 1st overtime period - Stopped by Scott Clemmensen with a rebound.
0:34 of 1st overtime period - Slapshot by Tomas Kaberle.
0:34 of 1st overtime period - Stopped by Scott Clemmensen with a rebound.
0:52 of 1st overtime period - Snap shot by Matt Cooke.
0:52 of 1st overtime period - Stopped by Pekka Rinne without a rebound.
0:53 of 1st overtime period - Eric Staal wins face-off versus Eric Lindros in Flames zone.
1:09 of 1st overtime period - Off-side.
1:10 of 1st overtime period - Michal Handzus wins face-off versus Jeff Carter in neutral zone.
1:10 of 1st overtime period - Tomas Kaberle is hit by Ryan O'Byrne and loses puck.
1:14 of 1st overtime period - Minor Penalty to Ryan O'Byrne for Interference.
1:14 of 1st overtime period - Minor Penalty to David Backes for Hooking.
1:15 of 1st overtime period - Eric Staal wins face-off versus Eric Lindros in Bruins zone.
1:30 of 1st overtime period - Slapshot by Pavel Bure.
1:30 of 1st overtime period - Stopped by Scott Clemmensen without a rebound.
1:31 of 1st overtime period - Eric Staal wins face-off versus Eric Lindros in Bruins zone.
1:44 of 1st overtime period - Wrist shot by Pavel Bure.
1:44 of 1st overtime period - Shot Misses the Net.
2:46 of 1st overtime period - Snap shot by Steve Sullivan.
2:46 of 1st overtime period - Stopped by Scott Clemmensen without a rebound.
2:47 of 1st overtime period - Eric Lindros wins face-off versus Steve Sullivan in Bruins zone.
3:14 of 1st overtime period - Penalty to Ryan O'Byrne is over, Ryan O'Byrne is back on ice.
3:14 of 1st overtime period - Penalty to David Backes is over, David Backes is back on ice.
3:18 of 1st overtime period - Snap shot by Michal Handzus.
3:18 of 1st overtime period - Stopped by Scott Clemmensen without a rebound.
3:19 of 1st overtime period - Michal Handzus wins face-off versus Vitali Yachmenev in Bruins zone.
3:20 of 1st overtime period - Wrist shot by Tomas Kaberle.
3:20 of 1st overtime period - Stopped by Scott Clemmensen without a rebound.
3:21 of 1st overtime period - Michal Handzus wins face-off versus Jeff Carter in Bruins zone.
3:30 of 1st overtime period - Snap shot by Michal Handzus.
3:30 of 1st overtime period - Shot Misses the Net.
3:32 of 1st overtime period - Wrist shot by Michal Handzus.
3:32 of 1st overtime period - Shot Blocked by Ryan O'Byrne.
3:34 of 1st overtime period - Wrist shot by David Backes.
3:34 of 1st overtime period - Shot Misses the Net.
3:36 of 1st overtime period - Snap shot by Steve Eminger.
3:36 of 1st overtime period - Stopped by Scott Clemmensen with a rebound.
3:52 of 1st overtime period - Wrist shot by Eric Lindros.
3:52 of 1st overtime period - Stopped by Pekka Rinne without a rebound.
3:53 of 1st overtime period - Eric Staal wins face-off versus Daniel Briere in Flames zone.
4:15 of 1st overtime period - Minor Penalty to Daniel Briere for High sticking.
4:16 of 1st overtime period - Eric Lindros wins face-off versus Eric Staal in Bruins zone.
6:07 of 1st overtime period - Zdeno Chara is hit by David Backes and loses puck.
6:15 of 1st overtime period - Penalty to Daniel Briere is over, Daniel Briere is back on ice.
6:18 of 1st overtime period - Daniel Briere is hit by Petr Schastlivy and loses puck.
6:29 of 1st overtime period - Snap shot by Steven Reinprecht.
6:29 of 1st overtime period - Shot Blocked by Daniel Briere.
6:53 of 1st overtime period - Wrist shot by Eric Lindros.
6:53 of 1st overtime period - Stopped by Pekka Rinne without a rebound.
6:54 of 1st overtime period - Jeff Carter wins face-off versus Eric Staal in Flames zone.
7:34 of 1st overtime period - Minor Penalty to Michal Handzus for Hooking.
7:35 of 1st overtime period - Jordin Tootoo wins face-off versus Jeff Carter in Flames zone.
7:52 of 1st overtime period - Steve Eminger is hit by Scott Hartnell and loses puck.
9:34 of 1st overtime period - Penalty to Michal Handzus is over, Michal Handzus is back on ice.
10:19 of 1st overtime period - Victor Oreskovich is hit by Steven Reinprecht and loses puck.
10:30 of 1st overtime period - Christoph Schubert is hit by Josef Vasicek and loses puck.
10:35 of 1st overtime period - Wrist shot by Steve Sullivan.
10:35 of 1st overtime period - Shot Misses the Net.
10:37 of 1st overtime period - Slapshot by Josef Vasicek.
10:37 of 1st overtime period - Shot Blocked by Matt Hendricks.
10:39 of 1st overtime period - Snap shot by Jordin Tootoo.
10:39 of 1st overtime period - Shot Misses the Net.
11:28 of 1st overtime period - Zdeno Chara is hit by Petr Schastlivy and loses puck.
12:00 of 1st overtime period - Slapshot by Joe Corvo.
12:00 of 1st overtime period - Stopped by Pekka Rinne with a rebound.
12:02 of 1st overtime period - Slapshot by Scott Hartnell.
12:02 of 1st overtime period - Stopped by Pekka Rinne without a rebound.
12:03 of 1st overtime period - Steven Reinprecht wins face-off versus Jeff Carter in Flames zone.
12:45 of 1st overtime period - Andrew Alberts is hit by Ron Hainsey and loses puck.
13:06 of 1st overtime period - Snap shot by Matt Cooke.
13:06 of 1st overtime period - Stopped by Pekka Rinne without a rebound.
13:07 of 1st overtime period - Michal Handzus wins face-off versus Wayne Primeau in Flames zone.
13:15 of 1st overtime period - Minor Penalty to Tomas Kaberle for Holding Stick.
13:16 of 1st overtime period - Eric Lindros wins face-off versus Michal Handzus in Flames zone.
13:19 of 1st overtime period - Snap shot by Eric Lindros.
13:19 of 1st overtime period - Stopped by Pekka Rinne without a rebound.
13:20 of 1st overtime period - Michal Handzus wins face-off versus Eric Lindros in Flames zone.
13:57 of 1st overtime period - Off-side.
13:58 of 1st overtime period - Eric Lindros wins face-off versus Eric Staal in neutral zone.
15:15 of 1st overtime period - Penalty to Tomas Kaberle is over, Tomas Kaberle is back on ice.
15:33 of 1st overtime period - Slapshot by Matt Cooke.
15:33 of 1st overtime period - Stopped by Pekka Rinne with a rebound.
16:07 of 1st overtime period - Wrist shot by Vitali Yachmenev.
16:07 of 1st overtime period - Shot Blocked by Rob Blake.
16:09 of 1st overtime period - Snap shot by Vitali Yachmenev.
16:09 of 1st overtime period - Shot Blocked by David Backes.
16:41 of 1st overtime period - Petr Schastlivy is hit by Victor Oreskovich.
17:26 of 1st overtime period - Minor Penalty to Jordin Tootoo for High sticking.
17:27 of 1st overtime period - Eric Lindros wins face-off versus Michal Handzus in Flames zone.
17:30 of 1st overtime period - Snap shot by Eric Lindros.
17:30 of 1st overtime period - Goal by Eric Lindros - Flames : 4 - Bruins : 5.


Output by the SimonT Hockey Simulator (STHS) for François Prévost -- Original Page W3C XHTML 1.0 Valid
Hockey Simulator - Hockey Simulation - Hockey Manager